 Dungeon Crawl Stone Soup version 0.20.0-15-g7f486f2 (webtiles) character file.

102 mule the Ruffian (level 4, -3/44 HPs)
             Began as a Troll Monk on June 18, 2017.
             Killed by divine providence
             ... invoked by an orc priest
              (11 damage)
             ... on level 2 of the Dungeon.
             The game lasted 00:04:35 (1034 turns).

mule the Ruffian (Troll Monk)                       Turns: 1034, Time: 00:04:36

Health: -3/44      AC:  5    Str: 19    XL:     4   Next: 49%
Magic:  3/3        EV: 16    Int: 11    God:
Gold:   76         SH:  0    Dex: 18    Spells: 3/3 levels left

rFire    . . .     SeeInvis .     - Unarmed
rCold    . . .     Gourm    +   (no shield)
rNeg     . . .     Faith    .   l - +0 robe
rPois    +         Spirit   .   (helmet restricted)
rElec    .         Reflect  .   (no cloak)
rCorr    .         Harm     .   (gloves unavailable)
MR       .....                  (boots unavailable)
Stlth    +++.......             (no amulet)
Regen    0.6/turn               i - ring of poison resistance
MPRegen  0.1/turn               (no ring)

@: brilliant, agile, flying
A: unfitting armour, claws 3, fast metabolism 3, gourmand, regeneration 1,
shaggy fur 1, tough skin 2
a: no special abilities


You were on level 2 of the Dungeon.
You were very full.

You visited 1 branch of the dungeon, and saw 2 of its levels.

You collected 76 gold pieces.

Inventory:

Missiles
 d - 36 arrows
Armour
 a - a +0 robe
 l - a +0 robe (worn)
Jewellery
 i - a ring of poison resistance (left claw)
Scrolls
 e - 2 scrolls of magic mapping
 g - a scroll of fear
Potions
 c - a potion of brilliance
 k - a potion of lignification
Comestibles
 b - 2 bread rations


   Skills:
 + Level 2.7 Fighting
 - Level 2.4 Dodging
 + Level 1.4 Stealth
 + Level 4.7 Unarmed Combat


You had 3 spell levels left.
You didn't know any spells.

Dungeon Overview and Level Annotations

Branches:
Dungeon (2/15)

Altars:
Dithmenos


Innate Abilities, Weirdness & Mutations

You are too large for most types of armour.
You have claws for hands.
Your metabolism is lightning-fast.
You like to eat raw meat.
Your natural rate of healing is unusually fast.
You are covered in fur. (AC +1)
You have very tough skin. (AC +2)


Message History

The orc priest hits you with a hand axe.
* * * LOW HITPOINT WARNING * * *
You barely miss the orc priest.
The orc priest is lightly wounded.
The orc wizard misses you.
You claw the orc priest!
The orc priest is almost dead.
The orc priest barely misses you.
Unknown command.
You completely miss the orc priest.
The orc priest is almost dead.
The orc wizard hits you but does no damage.
The orc priest looks braver for a moment.
You closely miss the orc priest.
The orc priest is almost dead.
The orc wizard gestures wildly while chanting.
The orc wizard seems to speed up.
The orc priest mumbles some strange prayers to Beogh against you.
Beogh smites you!
You die...

).......o..............
##.....#######.....#!..
##....###.o$###....# . .
......##.....##...!# ..
##...{#....o..#....# ..[
.)....#.≈o..≈.#....# ....
##.##o#oo..o..#.####.....
...##.#...o...#o##.......
#####.#...o...#o@..#
#####.#.≈...≈.#..###
.....o#.......#..#
####..o.........##
#........##### ##########


You could see an orc priest and an orc wizard.

Vanquished Creatures
  An orc priest (D:2)
  Jessica (D:2)
  An adder (D:2)
  A worm (D:2)
  2 dart slugs
  2 leopard geckos
  An orc (D:1)
  4 goblins
  2 hobgoblins (D:1)
  2 kobolds
  7 bats
  A frilled lizard (D:2)
  7 rats
32 creatures vanquished.

Notes
Turn   | Place    | Note
-------+----------+-------------------------------------------
     0 | D:1      | mule the Troll Monk began the quest for the Orb.
     0 | D:1      | Reached XP level 1. HP: 22/22 MP: 0/0
   323 | D:1      | Reached XP level 2. HP: 29/29 MP: 1/1
   764 | D:2      | Reached skill level 4 in Unarmed Combat
   764 | D:2      | Reached XP level 3. HP: 36/36 MP: 2/2
   804 | D:2      | Found a shadowy altar of Dithmenos.
   900 | D:2      | Noticed Jessica
   904 | D:2      | Killed Jessica
   904 | D:2      | Reached XP level 4. HP: 44/44 MP: 3/3
  1034 | D:2      | Killed from afar by an orc priest

Skill      XL: |  1  2 |
---------------+-------+-----
Unarmed Combat | 4 |  4.7
Fighting       | |  2.7
Dodging        | |  2.4
Stealth        | |  1.4

Action                   |  1- 3 |  4- 6 || total
-------------------------+-------+-------++-------
Melee: Unarmed           |    46 |    17 ||    63
       Punch             |     1 |       ||     1
  Use: Scroll            |     4 |     1 ||     5
       Potion            |       |     3 ||     3
 Stab: Sleeping          |     3 |       ||     3
  Eat: Chunk             |    13 |     1 ||    14
Armor: Robe              |    12 |     4 ||    16
Dodge: Dodged            |    19 |    10 ||    29
